 Dungeon Crawl Stone Soup version 0.23-a0-295-g2e428d4 (webtiles) character file.

115 Ijustatesigmund the Conjurer (level 5, -3/33 HPs)
             Began as an Octopode Wizard on Oct 4, 2018.
             Slain by a sky beast (6 damage)
             ... on level 3 of the Dungeon.
             The game lasted 00:06:36 (3902 turns).

Ijustatesigmund the Conjurer (Octopode Wizard)      Turns: 3902, Time: 00:06:36

Health: -3/33      AC:  1    Str:  6    XL:     5   Next: 0%
Magic:  7/9        EV: 13    Int: 20    God:
Gold:   88         SH:  0    Dex: 12    Spells: 4/10 levels left

rFire    . . .     SeeInvis .   l - +0 dagger (holy)
rCold    . . .     Gourm    .   (no shield)
rNeg     . . .     Faith    .   a - +0 hat
rPois    .         Spirit   .   (no amulet)
rElec    .         Reflect  .   f - ring of stealth
rCorr    .         Harm     .   (no ring)
MR       .....                  (no ring)
Stlth    ++++......             (no ring)
HPRegen  0.11/turn              (no ring)
MPRegen  0.11/turn              (no ring)
                                (no ring)
                                (no ring)

@: no status effects
A: almost no armour, stealthy swim, amphibious, 8 rings, constrict 8, camouflage
1, gelatinous body 1
a: no special abilities


You were on level 3 of the Dungeon.
You were not hungry.

You visited 1 branch of the dungeon, and saw 3 of its levels.

You collected 88 gold pieces.

Inventory:

Hand Weapons
 e - a +0 short sword
 l - a +0 dagger of holy wrath (weapon)
Armour
 a - a +0 hat (worn)
Jewellery
 f - a ring of stealth (left tentacle)
Wands
 i - a wand of flame (25)
Scrolls
 k - a scroll of fog
Potions
 b - 2 potions of heal wounds {unknown}
 d - 3 potions of curing {unknown}
 h - a potion of resistance {unknown}
 j - a potion of might {unknown}
Comestibles
 c - 3 rations
 g - a chunk of flesh


   Skills:
 + Level 1.1 Fighting
 - Level 2.0 Dodging
 - Level 2.6 Stealth
 - Level 3.0 Spellcasting
 + Level 3.6 Conjurations
   Level 1.0 Summonings
 - Level 2.4 Translocations


You had 4 spell levels left.
You knew the following spells:

 Your Spells              Type           Power        Failure   Level  Hunger
a - Magic Dart            Conj           ###.         3%          1    None
b - Blink                 Tloc           N/A          8%          2    ##.....
c - Conjure Flame         Conj/Fire      ##......     21%         3    ###....

Your spell library contained the following spells:

 Spells                   Type           Power        Failure   Level  Hunger
 Call Imp                 Summ           #.......     14%         2    ##.....
 Slow                     Hex            #.......     22%         2    ##.....
 Mephitic Cloud           Conj/Pois/Air  #.......     26%         3    ###....


Dungeon Overview and Level Annotations

Branches:
Dungeon (3/15)

Altars:
Kikubaaqudgha


Innate Abilities, Weirdness & Mutations

You cannot wear most types of armour.
You are very stealthy in the water. (Stealth+)
You are amphibious.
You can wear up to eight rings at the same time.
You can use your tentacles to constrict eight enemies at once.
Your skin changes colour to match your surroundings (Stealth+).
Your rubbery body absorbs attacks. (AC +1, EV +1)


Message History

Confirm with . or Enter, or press ? or * to list all spells.
Aiming: Magic Dart (safe; 3% risk of failure)
Press: ? - help, Shift-Dir - straight line, f/p - sky beast
Aim: a sky beast (moderately wounded)
The magic dart hits the sky beast.
The sky beast is heavily wounded.
You closely miss the sky beast.
The sky beast is heavily wounded.
A kobold comes into view. It is wielding a short sword.
The sky beast flickers out of sight!
Deactivating autopickup; reactivate with Ctrl-A.
Something hits you. Something shocks you.
You closely miss something. Something hits you. Something shocks you.
You miss something. Something hits you. Something shocks you.
* * * LOW HITPOINT WARNING * * *
The kobold shouts!
You hit something but do no damage. Something hits you.
* * * LOW HITPOINT WARNING * * *
Something shocks you.
You die...

##.#.#.# #########
#..).... #.......#
#....... #
#.......####....... +.
+.......+.##....... #..
#.......#.####.....
#..K###....##..###.....
+.K.(g...............<.
######@)...............
#.{#######.##.##..
#.... #.##.##[# #....#
#.##.. .# .....#
#.##.#### .###...
#.##.# ..#. ... ..
###.# ##. .


You could see a hobgoblin and 2 kobolds.

Vanquished Creatures
  Jessica (D:2)
  2 adders (D:2)
  2 worms (D:3)
  3 dart slugs
  3 leopard geckos
  4 bats
  3 giant cockroaches
  11 goblins
  6 hobgoblins
  4 jackals
  2 frilled lizards
  6 kobolds
  9 rats
56 creatures vanquished.

Notes
Turn   | Place    | Note
-------+----------+-------------------------------------------
     0 | D:1      | Ijustatesigmund the Octopode Wizard began the quest for the
                  | Orb.
     0 | D:1      | Reached XP level 1. HP: 11/11 MP: 4/4
   392 | D:1      | Reached XP level 2. HP: 17/17 MP: 0/6
   396 | D:1      | Learned a level 2 spell: Blink
  1522 | D:1      | Reached XP level 3. HP: 21/21 MP: 3/7
  2149 | D:1      | Learned a level 3 spell: Conjure Flame
  2335 | D:2      | Noticed Jessica
  2342 | D:2      | Killed Jessica
  2342 | D:2      | Reached XP level 4. HP: 16/27 MP: 0/8
  3253 | D:2      | Found an ancient bone altar of Kikubaaqudgha.
  3638 | D:3      | Reached skill level 1 in Fighting
  3650 | D:3      | Noticed a sky beast
  3890 | D:3      | Reached XP level 5. HP: 33/33 MP: 7/9
  3902 | D:3      | Slain by a sky beast

Vault maps used:
D:1:      dpeg_arrival_ratfight
D:2:      kiku_gazebo_garden_becter, uniq_jessica
D:3:      minmay_misc_feat_doors, uniq_terence, uniq_ijyb

Skill      XL: |  1  2  3  4 |
---------------+-------------+-----
Conjurations   | 2 3 |  3.6
Translocations | 2 |  2.4
Fighting       | 1 |  1.1
Dodging        | |  2.0
Stealth        | |  2.6
Spellcasting   | |  3.0
Summonings     | |  1.0

Action                   |  1- 3 |  4- 6 || total
-------------------------+-------+-------++-------
Melee: Unarmed           |     5 |       ||     5
       Dagger            |    10 |    17 ||    27
       Constrict         |     4 |     3 ||     7
       Tentacles         |     3 |     1 ||     4
 Cast: Magic Dart        |    63 |    52 ||   115
Evoke: Wand              |       |     2 ||     2
  Use: Scroll            |     1 |     1 ||     2
  Eat: Chunk             |     4 |     5 ||     9
Armor: Skin              |     1 |       ||     1
Dodge: Dodged            |    12 |    10 ||    22

Table legend:
 A = Non-vault XP
 B = Vault XP
 C = Vault XP percentage of total XP
 D = Non-vault monster count
 E = Vault monster count
 F = Vault count percentage of total count
                 A         B        C        D         E       F
            +---------+---------+-------+---------+---------+-------
      Total |     123 |      42 |  25.5 |      50 |       6 |  10.7
            +---------+---------+-------+---------+---------+-------
        D:1 |      38 |       5 |  11.6 |      20 |       5 |  20.0
        D:2 |      68 |      37 |  35.2 |      24 |       1 |   4.0
        D:3 |      17 |       0 |   0.0 |       6 |       0 |   0.0
            +---------+---------+-------+---------+---------+-------
